AoeStats
← π t

Arena

509357655Analyzed
2v2 RM · 7d ago on Sep 26, 2026· 23m 45s· 4 players
Game mode
Random Map
Map size
Medium (4 player)
Population
200
Speed
Normal
Resources
Standard
Victory
Conquest
Starting age
Dark Age
Ending age
Imperial Age
RankedLock teamsTeams togetherTeam positionsShared explorationLock speedFull tech treeHidden civsTurbo modeCheats
Victory
Defeat
🇬🇧 Dravidians · United Kingdom
1211
+15
🇬🇧 Saxons · United Kingdom
1207
+15
🇩🇪 Bohemians · Germany
1197
-15
🇩🇪 Danes · Germany
1197
-15
π t
9:16 Loom
11:11 Feudal Age
11:24 Feudal Age
12:27 Double-Bit Axe
12:23 Horse Collar
15:32 Castle Age
17:27 Wheelbarrow
17:30 Bow Saw
17:13 Gold Mining
17:32 Heavy Plow
18:50 Squires
18:57 Scale Mail Armor
Ibu
11:32 Feudal Age
12:06 Double-Bit Axe
15:08 Castle Age
13:01 Horse Collar
16:12 Husbandry
19:04 Wheelbarrow
22:52 Hand Cart
22:23 Loom
22:31 Fletching
22:41 Padded Archer Armor
LordSandwich
10:53 Feudal Age
14:35 Castle Age
12:33 Double-Bit Axe
12:29 Horse Collar
15:46 Bow Saw
17:32 Loom
20:45 Wheelbarrow
19:55 Loom
19:59 Town Watch
22:30 Heavy Plow
Song Jin-Woo
7:07 Loom
11:27 Feudal Age
16:13 Castle Age
14:00 Horse Collar
14:07 Double-Bit Axe
18:42 Wheelbarrow
20:11 Fletching
22:36 Bodkin Arrow
Connection lost

Rejoining the realm…

Still unreachable

The connection could not be restored.

Session expired

The server has moved on; the page needs a fresh start.